[Event "Late-Titled-Tuesday-Blitz-May-07-2024"]
[Site "Chess.com"]
[Date "2024.05.07"]
[Round "5"]
[White "OriTaichman"]
[Black "RantomOpening"]
[Result "0-1"]
[WhiteElo "2611"]
[BlackElo "2501"]
[TimeControl "180+1"]
[EndTime "14:57:14 PDT"]
[Termination "RantomOpening won by resignation"]

1. e4 c5 2. Nf3 e6 3. b3 a6 4. Bb2 Nc6 5. c4 Nf6 6. e5 Ng4 7. h3 Nh6 8. g4 d5 9. exd6 Qxd6 10. d4 cxd4 11. Nxd4 Qe5+ 12. Qe2 Bb4+ 13. Nd2 Nxd4 14. Qxe5 Nf3+ 15. Ke2 Nxe5 16. Bxe5 O-O 17. Bg2 f5 18. gxf5 Nxf5 19. Ne4 Bd7 20. Rhg1 Bc6 21. Nf6+ Kf7 22. Nh5 Bxg2 23. Rxg2 g6 24. Nf6 h5 25. Nh7 Rfd8 26. Ng5+ Ke7 27. Ne4 Kf7 28. Ng5+ Ke7 29. Ne4 Kf7 30.
Rag1 Nh4 31. Rg3 Be7 32. c5 Rd5 33. Bd6 Bxd6 34. Nxd6+ Ke7 35. Nxb7 Rf8 36. c6 Nf5 37.
Rc3 Nd4+ 38. Kf1 Rdf5 39. Rxg6 Rxf2+ 40. Kg1 Ne2+ 41. Kh1 Rf1+ 42. Kh2 R8f2+ 43. Rg2 Nxc3 44. c7 Kd7 45. Nc5+ Kxc7 46. Nxe6+ Kd6 47. Nd4 Rxg2+ 48. Kxg2 Ra1 49. a4 Ra2+ 50. Kg3 Nxa4 51. bxa4 Ra3+ 52.
Kf2 Rxa4 53. Nf5+ Ke5 54. Ng7 h4 55. Kf3 Kf6 56. Ne8+ Ke7 57. Nc7 Kd6 58. Ne8+ Kc5 59. Nf6 Rb4 60. Ne4+ Rxe4 61. Kxe4 Kc4 62. Ke3 Kc3 63.
Kf4 a5 64. Kg4 a4 65. Kxh4 a3 66. Kg5 a2 67. h4 a1=Q 68. h5 Kc4 69. Kg6 Qh8 0-1

[Event "Late-Titled-Tuesday-Blitz-May-07-2024"]
[Site "Chess.com"]
[Date "2024.05.07"]
[Round "5"]
[White "Sandstad"]
[Black "jinxy2009"]
[Result "1/2-1/2"]
[WhiteElo "2432"]
[BlackElo "2285"]
[TimeControl "180+1"]
[EndTime "14:57:22 PDT"]
[Termination "Game drawn - insufficient material"]

1. d4 d5 2. c3 Nf6 3. Nf3 c5 4.
Bf4 Nc6 5. e3 Qb6 6. Qb3 c4 7.
Qxb6 axb6 8. Na3 Ra5 9. Bc7 Nd7 10. Nc2 e6 11. a3 Ra8 12. Be2 b5 13. Rd1 Be7 14. O-O O-O 15. h3 f5 16. Ra1 Nf6 17.
Ne5 Nxe5 18. Bxe5 Bd7 19. Bxf6 Bxf6 20. f4 h6 21. Ne1 Be7 22. Nf3 Bd6 23. g4 fxg4 24.
hxg4 Be8 25. Kg2 Bg6 26. Ne5 Be4+ 27. Kg3 Bxe5 28. dxe5 g5 29. Rf2 Kg7 30. Raf1 gxf4+ 31. Rxf4 Rae8 32. Rf6 Bg6 33. Kh4 Rxf6 34. Rxf6 Bf7 35. Bd1 Rf8 36. Bc2 Bg8 37. g5 Rxf6 38. exf6+ Kf7 39.
Kh5 hxg5 40. Kxg5 b6 41. Bg6+ Kf8 42. Kf4 Bf7 43. Bc2 Bh5 44. Ke5 Kf7 45. Bh7 Bg4 46. Bc2 Bh3 47. a4 bxa4 48. Bxa4 Bg4 49. Bd7 Bh3 50.
Bc6 Bg4 51. e4 dxe4 52. Bxe4 Bh3 53. Bc6 Bg4 54. Bd7 Bh3 55. Bb5 Bf1 56. Ba6 Be2 57. Bc8 Bg4 58. Bd7 Bh3 59. Bc6 Bf1 60. Bf3 Bh3 61. Bh5+ Kf8 62. Kd6 Bg2 63. Kxe6 Bh3+ 64. Kd6 Bg2 65. Kc7 b5 66. Kb6 Bh3 67. Kxb5 Bf1 68. Kc5 Bd3 69. Kb4 Be2 70. b3 Bxh5 71. Kxc4 Kf7 72. b4 Kxf6 73. Kc5 Ke6 74. Kb6 Kd7 75. c4 Kc8 76. c5 Bf3 77. b5 Kb8 78.
c6 Kc8 79. Ka7 Bxc6 80. bxc6 Kc7 81. Ka6 Kxc6 1/2-1/2

[Event "Late-Titled-Tuesday-Blitz-May-07-2024"]
[Site "Chess.com"]
[Date "2024.05.07"]
[Round "5"]
[White "NajdorfPlayerc5"]
[Black "lilylg"]
[Result "1-0"]
[WhiteElo "2432"]
[BlackElo "2239"]
[TimeControl "180+1"]
[EndTime "14:57:25 PDT"]
[Termination "NajdorfPlayerc5 won on time"]

1. d4 d5 2. c4 e6 3. Nc3 c6 4. e4 dxe4 5. Nxe4 Bb4+ 6. Nc3 Nf6 7. Nf3 O-O 8. Bd3 c5 9. a3 cxd4 10. axb4 dxc3 11. bxc3 e5 12. Nxe5 Re8 13. f4 Bg4 14. Be2 Qxd1+ 15. Bxd1 Nc6 16. O-O Nxe5 17. fxe5 Rxe5 18.
Bf4 Re6 19. Bb3 Be2 20. Rfe1 Rae8 21. c5 Re4 22. Bg3 Bg4 23. Rxe4 Nxe4 24. Be1 a6 25. c6 bxc6 26. Rxa6 h6 27. h3 Bd7 28. Ra7 Nf6 29. Bh4 Be6 30. Bxf6 Bxb3 31. Bd4 Re1+ 32. Kh2 Re2 33.
Ra8+ Kh7 34. Kg1 Bd5 35. g4 Rg2+ 36. Kf1 Rg3 37. Rd8 Rxh3 38. Rd7 Rf3+ 39. Ke2 Rf4 40. b5 Rxg4 41. b6 Re4+ 42. Kd3 Re8 43. b7 c5 44. Bxc5 Bc6 45. Rc7 Be4+ 46. Kc4 Kg6 47. Ba7 Bxb7 48. Rxb7 Rc8+ 49. Kd3 f5 50. Bd4 Rd8 51. Rxg7+ Kh5 52. Rg2 f4 53. c4 f3 54. Rf2 Kg4 55. Rf1 Kg3 56. c5 Kg2 57. Rg1+ Kh2 58. Rg6 f2 59. Rf6 Kg2 60. Rxf2+ Kg3 61. Rf6 h5 62. c6 h4 63.
c7 Rc8 64. Bb6 Kg2 65. Rd6 h3 66. Rd8 h2 67. Rxc8 h1=Q 68. Rg8+ Kf3 69. c8=Q Qd1+ 70.
Kc4 Qc2+ 71. Kb5 Qb3+ 72. Ka6 Qa4+ 73. Kb7 Qe4+ 74. Qc6 1-0

[Event "Late-Titled-Tuesday-Blitz-May-07-2024"]
[Site "Chess.com"]
[Date "2024.05.07"]
[Round "5"]
[White "SHIVACalypso"]
[Black "chess_sharparchitect"]
[Result "1-0"]
[WhiteElo "2542"]
[BlackElo "2288"]
[TimeControl "180+1"]
[EndTime "14:57:27 PDT"]
[Termination "SHIVACalypso won by resignation"]

1. c4 e5 2. Nc3 Nf6 3. g3 c6 4. Bg2 d5 5. cxd5 cxd5 6. d4 e4 7. Bg5 Be7 8. e3 O-O 9. Nge2 Bg4 10. O-O Qd7 11. Qb3 Rd8 12. Bxf6 Bxf6 13. Nf4 Be6 14. Nxe6 fxe6 15. Rac1 Nc6 16. Bh3 Qe7 17. Na4 Na5 18.
Qc3 b6 19. Qc7 Rd6 20. Qxe7 Bxe7 21. Nc3 a6 22. Na4 Rb8 23. b3 Kf7 24. Rc7 Rb7 25. Rfc1 Rxc7 26. Rxc7 Kf6 27. Bf1 b5 28. Nc5 Bd8 29.
Ra7 Bb6 30. Ra8 Bxc5 31. dxc5 Rc6 32. b4 Nb7 33. Be2 e5 34. Kf1 d4 35. Ke1 d3 36.
Bd1 Ke7 37. Ra7 Rc7 38. c6 Rxc6 39. Rxb7+ Kf6 40. Kd2 h5 41. h4 g6 42. a4 bxa4 43.
Bxa4 Rd6 44. Rc7 Kf5 45. Rf7+ Kg4 46. Bd1+ Kh3 47. Rc7 Kg2 48. Ke1 d2+ 49. Ke2 Rd3 50. Rc4 Rd6 51. Rxe4 Rb6 52. Rxe5 Rxb4 53. Re6 Rc4 54. Rxg6 a5 55. Ra6 a4 56. Kxd2 Rb4 57. Rf6 Rb2+ 58. Kd3 a3 59. e4 a2 60. Ra6 Rb1 61. Rxa2 Rxd1+ 62. Ke3 Re1+ 63. Re2 Ra1 64. e5 Ra3+ 65. Kf4 Rf3+ 66. Kg5 Rxf2 67.
Rxf2+ Kxf2 68. Kxh5 Kxg3 69. e6 Kf4 70. e7 Kf5 71. e8=Q Kf6 72. Qg6+ Ke5 73. Kg5 Kd4 74. h5 1-0

[Event "Late-Titled-Tuesday-Blitz-May-07-2024"]
[Site "Chess.com"]
[Date "2024.05.07"]
[Round "5"]
[White "1800_strength"]
[Black "ACollins05"]
[Result "1/2-1/2"]
[WhiteElo "2778"]
[BlackElo "2536"]
[TimeControl "180+1"]
[EndTime "14:57:30 PDT"]
[Termination "Game drawn - insufficient material"]

1. a4 d5 2. Ra3 e5 3. b3 Bxa3 4. Nxa3 Nf6 5. Bb2 Nc6 6. g3 O-O 7. Bg2 Re8 8. e3 d4 9. Ne2 Be6 10. O-O Bd5 11. Bh3 Be6 12. Bg2 a6 13. d3 dxe3 14.
fxe3 Nd5 15. Qd2 f6 16. h3 Qd7 17. Kh2 Rad8 18. g4 Qe7 19. Ng3 Qc5 20. Re1 Ncb4 21. Ne4 Qe7 22. Qf2 Nc6 23. Re2 Rf8 24. Ng3 Nc3 25. Re1 Nd5 26. Nc4 b5 27. axb5 axb5 28. Nd2 Ra8 29. Nf5 Qd7 30. Ng3 Ra2 31. Rb1 b4 32. Nde4 Qe7 33. Nf5 Qf7 34. Nc5 Nce7 35. Ng3 Nc3 36. Bxc3 bxc3 37. Nce4 Bd5 38. Nxc3 Ra6 39.
Nxd5 Nxd5 40. Nf5 Rd8 41. Rf1 Ne7 42. Ng3 Ra2 43. Be4 Qe6 44. Qg2 Nd5 45. Qe2 Nb4 46. d4 exd4 47. exd4 Qb6 48. Qc4+ Kh8 49. Rd1 c6 50.
Nf5 Nd5 51. Re1 Qc7+ 52. Kg2 Nf4+ 53. Kh1 Re8 54. Qf1 Ng6 55. Kg2 Qf4 56. Qxf4 Nxf4+ 57. Kf3 Nxh3 58. Nd6 Ng5+ 59. Kf4 Rd8 60. Nc4 Nxe4 61. Rxe4 Rxc2 62. Re7 Rxd4+ 63. Ke3 Rd8 64. Nd6 Rc3+ 65. Ke2 Rf8 66. Nf5 Rxb3 67. Rxg7 Rb4 68. Rc7 Rxg4 69. Kf3 Rg5 70. Kf4 Rg6 71. Nd6 Kg8 72. Nf5 Rg7 73. Rxg7+ Kh8 74. Rc7 Rg8 75. Nh6 Rf8 76. Kf5 c5 77. Rxc5 Kg7 78. Ng4 h5 79. Rc7+ Rf7 80. Rxf7+ Kxf7 81. Nxf6 h4 82. Ng4 h3 83. Nh2 Kg7 84.
Kg4 Kh6 85. Kxh3 1/2-1/2

[Event "Late-Titled-Tuesday-Blitz-May-07-2024"]
[Site "Chess.com"]
[Date "2024.05.07"]
[Round "5"]
[White "HajiyevKanan"]
[Black "ToddBryant"]
[Result "0-1"]
[WhiteElo "2563"]
[BlackElo "2398"]
[TimeControl "180+1"]
[EndTime "14:57:34 PDT"]
[Termination "ToddBryant won on time"]

1. d4 Nf6 2. Nf3 g6 3. e3 Bg7 4. Be2 O-O 5. O-O d6 6. b3 Nbd7 7. Bb2 b6 8. c4 Bb7 9. Nc3 e5 10. Qc2 Re8 11. Rad1 e4 12. Nd2 h5 13. d5 Qe7 14.
Nb5 Rec8 15. Bd4 a6 16. Nc3 a5 17. Ndxe4 Nxe4 18. Qxe4 Qxe4 19. Nxe4 Re8 20. Bxg7 Kxg7 21.
Nc3 Nc5 22. Bd3 Bc8 23. Bc2 h4 24. h3 g5 25. Rd4 f5 26. Rfd1 Kg6 27. Nb5 Re7 28.
R4d2 Kh5 29. Nd4 Ne4 30. Bxe4 fxe4 31. a4 Bd7 32. Re1 Rg8 33. f3 exf3 34. Nxf3 g4 35. hxg4+ Bxg4 36. Nd4 h3 37. Kh2 hxg2 38. Rxg2 Rh7 39.
Ne6 Bxe6 40. dxe6 Rg4 41. Rxg4 Kxg4+ 42. Kg2 Re7 43. Kf2 Rxe6 44. Rg1+ Kf5 45. Kf3 Rg6 46.
Rh1 Rg7 47. e4+ Ke5 48. Rd1 c6 49. Rh1 Rf7+ 50. Ke3 Rg7 51. Rh5+ Ke6 52. Rh6+ Ke5 53. Rh5+ Ke6 54. Kf4 Rf7+ 55. Rf5 Rh7 56. Rf8 Rh3 57.
Rc8 Rxb3 58. Rxc6 Rb4 59. e5 Ke7 60. exd6+ Kd7 61. Rc7+ Kxd6 62. Rb7 Rxc4+ 63. Ke3 Kc6 64. Rb8 Rxa4 65. Kd3 Rb4 66. Kc3 Kb5 67. Rc8 Rh4 68.
Rc7 Rh3+ 69. Kb2 Kb4 70. Rf7 Rh4 71. Kb1 b5 72. Rf3 a4 73. Ka2 Rc4 74. Kb2 Rh4 75.
Rf2 a3+ 76. Ka2 Ka4 77. Re2 b4 78. Ka1 b3 79. Re1 Kb4 80. Kb1 Rc4 81. Rd1 Ka4 82.
Ka1 Rc1+ 83. Rxc1 b2+ 84. Kb1 Kb3 0-1

[Event "Late-Titled-Tuesday-Blitz-May-07-2024"]
[Site "Chess.com"]
[Date "2024.05.07"]
[Round "5"]
[White "Itay121"]
[Black "KNVB"]
[Result "0-1"]
[WhiteElo "2552"]
[BlackElo "2808"]
[TimeControl "180+1"]
[EndTime "14:57:35 PDT"]
[Termination "KNVB won by checkmate"]

1. d4 a5 2. e4 Ra6 3. Bxa6 Nxa6 4. Nf3 e6 5. O-O b6 6. Nc3 Bb7 7. Bf4 Ne7 8. Re1 Ng6 9. Bg3 h5 10. h3 h4 11. Bh2 Qa8 12. Qd2 Bb4 13. a3 Bxc3 14.
Qxc3 Bxe4 15. Ng5 Bxg2 16. f3 Rh5 17. Qe3 Qd5 18. Ne4 Bxh3 19. Kh1 d6 20. Rac1 b5 21. b3 b4 22. Qd3 Qb5 23. Qxb5+ Rxb5 24. Bxd6 Kd7 25.
a4 Rf5 26. Bh2 Rxf3 27. Ng5 Rc3 28. d5 e5 29. Nxf7 Bf5 30. Bxe5 Rxc2 31. Bxg7 Rxc1 32. Rxc1 Be4+ 33. Kh2 Bxd5 34. Rd1 c6 35. Kh3 Nc5 36. Ne5+ Nxe5 37. Bxe5 Nxb3 38. Kxh4 Ke6 39. Bb2 c5 40. Re1+ Kd6 41. Kg3 c4 42. Kf4 c3 43.
Bc1 Nc5 44. Ke3 b3 45. Kd4 b2 46. Bxb2 cxb2 47. Rb1 Nxa4 48. Rg1 Ba2 49. Kd3 b1=Q+ 50. Rxb1 Bxb1+ 51. Kc4 Kc6 52. Kb3 Kb5 53. Ka3 Bf5 54. Kb3 Bc8 55. Ka3 Nb6 56. Kb3 Na8 57. Ka3 a4 58.
Kb2 Kb4 59. Ka2 a3 60. Kb1 Kb3 61. Ka1 Nb6 62. Kb1 Nd7 63. Ka1 Nc5 64. Kb1 Bd7 65. Ka1 Kb4 66. Kb1 Bf5+ 67. Ka2 Be6+ 68. Ka1 Bd5 69. Kb1 a2+ 70. Ka1 Nb3+ 71. Kb2 Bc4 72. Kxa2 Kc3 73. Kb1 Bd3+ 74. Ka2 Be4 75. Ka3 Bb1 76. Ka4 Nd4 77. Ka5 Kc4 78. Kb6 Nb5 79. Ka5 Kc5 80. Ka4 Bc2+ 81. Ka5 Bb3 82. Ka6 Nd6 83. Ka7 Kc6 84. Ka6 Nb7 85. Ka7 Kc7 86. Ka6 Bc4+ 87. Ka7 Bb5 88. Ka8 Nd6 89. Ka7 Nc8+ 90.
Ka8 Bc6# 0-1

[Event "Late-Titled-Tuesday-Blitz-May-07-2024"]
[Site "Chess.com"]
[Date "2024.05.07"]
[Round "5"]
[White "Smiechu"]
[Black "secretworker2027"]
[Result "1/2-1/2"]
[WhiteElo "2448"]
[BlackElo "2657"]
[TimeControl "180+1"]
[EndTime "14:57:35 PDT"]
[Termination "Game drawn by repetition"]

1. e4 c5 2. Nf3 Nc6 3. d4 cxd4 4. Nxd4 e5 5. Nb5 d6 6. N1c3 a6 7. Na3 b5 8. Nd5 Nge7 9. c4 Nd4 10. Nc2 Nxd5 11.
cxd5 Bg4 12. Qd3 Nxc2+ 13. Qxc2 Rc8 14. Qd3 Be7 15. Be2 Bd7 16. O-O O-O 17. Be3 f5 18. f3 fxe4 19. fxe4 Qa5 20. Bd2 Qa4 21. b3 Rxf1+ 22. Bxf1 Qa3 23. Qe3 Qb2 24. Rc1 Rxc1 25. Bxc1 Qc2 26. h3 h6 27. Qa7 Qxc1 28. Qxd7 Bg5 29.
Qe6+ Kh8 30. Qf5 Be3+ 31. Kh1 Bf4 32. Qf8+ Kh7 33. Qf5+ Kg8 34. Kg1 Qe3+ 35. Kh1 Qg3 36. Qc8+ Kh7 37. Qf5+ Kh8 38. Qf8+ Kh7 39. Qf5+ Qg6 40.
g4 Qxf5 41. gxf5 h5 42. Kg2 Kh6 43. Kf3 Kg5 44. a4 bxa4 45. bxa4 a5 46. Be2 Bd2 47. Bf1 Bb4 48. Be2 Bc5 49. Bf1 Kh4 50. Bg2 Bb4 51. Bf1 Kg5 52. Bg2 g6 53. fxg6 Kxg6 54. Bf1 Kg5 55.
Bg2 Be1 56. Bf1 Kf6 57. Bg2 Ke7 58. Bf1 Kd7 59. Bb5+ Kc7 60. Be8 h4 61. Kg4 Kb6 62.
Kf5 Kc5 63. Bb5 Kd4 64. Bd7 Ke3 65. Bc8 Kf3 66. Bd7 Bb4 67. Bc8 Bc5 68. Bd7 Be3 69.
Bc8 Kg3 70. Kg6 Kf4 71. Bf5 Bc5 72. Kh5 Bf2 73. Kg6 Bg3 74. Kh5 Ke3 75. Kg6 Kd4 76.
Kh5 Kc5 77. Kg4 Kd4 78. Kh5 Kc4 79. Kg4 Kd3 80. Kh5 Kc3 81. Kg4 Be1 82. Bd7 Kb4 83. Kf5 Kc4 84. Kg4 Kd3 85. Kf5 Ke3 86. Kg4 Bg3 87.
Bf5 Kf2 88. Bd7 Kg2 89. Kh5 Kf3 90. Bf5 Be1 91. Kg5 Ke3 92. Kh5 Kd4 93. Kg5 Kd3 94. Kg4 Kc4 95. Bd7 Kd4 96. Bf5 Bg3 97. Kh5 1/2-1/2

[Event "Late-Titled-Tuesday-Blitz-May-07-2024"]
[Site "Chess.com"]
[Date "2024.05.07"]
[Round "5"]
[White "Mikayel99"]
[Black "czasnaszachy"]
[Result "1-0"]
[WhiteElo "2597"]
[BlackElo "2445"]
[TimeControl "180+1"]
[EndTime "14:57:36 PDT"]
[Termination "Mikayel99 won on time"]

1. e4 e5 2. Nf3 Nc6 3. Nc3 Nf6 4.
d4 exd4 5. Nxd4 Bb4 6. Nxc6 bxc6 7. Bd3 d5 8. exd5 cxd5 9. O-O O-O 10. Bg5 Be6 11.
Ne2 h6 12. Bh4 c5 13. c3 Ba5 14. Nf4 Rb8 15. Nxe6 fxe6 16. Qe2 Qd7 17. Rfe1 Bc7 18. b3 e5 19. c4 e4 20. Bc2 Rbe8 21. Bxf6 Rxf6 22.
cxd5 Qxd5 23. Bxe4 Qe5 24. Bd5+ Kh8 25. Qxe5 Rxe5 26. Bc4 g5 27. Rxe5 Bxe5 28. Re1 Bd4 29. Re2 Kg7 30. g3 Rf5 31. Kg2 Re5 32. Rd2 Re1 33. b4 Rb1 34. Bb3 Rc1 35. h3 c4 36.
Rxd4 cxb3 37. axb3 Rc3 38. Rd7+ Kg6 39. Rxa7 Rxb3 40.
Rb7 h5 41. g4 h4 42. b5 Kh6 43. b6 Kg6 44. Rb8 Kh7 45. b7 Kg7 46. Kf1 Rb2 47.
Ke1 Kh7 48. Kd1 Kg7 49. Kc1 Rb6 50. Kd2 Rb3 51. Kc2 Rb6 52. Kc3 Rb1 53. Kc4 Rc1+ 54. Kd5 Rb1 55. Kd6 Rb2 56. f3 Rb1 57. Kd5 Rb2 58.
Kd6 Rb1 59. Kc5 Rc1+ 60. Kd5 Rb1 61. f4 gxf4 62. Ke4 Rb4+ 63. Kf3 Kh7 64. g5 Kg7 65. Kg4 f3+ 66. Kxf3 Kh7 67. Ke3 Kg7 68. Kd3 Kh7 69.
Kc3 Rb1 70. Kd4 Rb5 71. Ke4 Kg7 72. Kf4 Rb4+ 73. Kf5 Rb5+ 74. Kg4 Rb4+ 75. Kh5 Kh7 76. Re8 Rxb7 77. Kxh4 Rb4+ 78. Kh5 Rb3 79. Re7+ Kg8 80. h4 Rb6 81. Ra7 Rc6 82. g6 1-0

[Event "Late-Titled-Tuesday-Blitz-May-07-2024"]
[Site "Chess.com"]
[Date "2024.05.07"]
[Round "5"]
[White "JosephRyan"]
[Black "ExchangeAB"]
[Result "1/2-1/2"]
[WhiteElo "2225"]
[BlackElo "2418"]
[TimeControl "180+1"]
[EndTime "14:57:39 PDT"]
[Termination "Game drawn by repetition"]

1. e4 c5 2. Nf3 d6 3. Bb5+ Nd7 4. d4 cxd4 5. Qxd4 a6 6. Bxd7+ Qxd7 7. Nc3 Nf6 8. Bg5 Qc6 9. O-O-O Bg4 10. Rhe1 e5 11. Qe3 O-O-O 12. Bxf6 gxf6 13. Nd5 Qc5 14. Qxc5+ dxc5 15. Nxf6 Bh6+ 16. Kb1 Bxf3 17. gxf3 Bf4 18. h3 Bg5 19.
Rxd8+ Rxd8 20. Nd5 Rg8 21. Rg1 Rg6 22. c4 Kd7 23.
Kc2 Kc6 24. Kd3 b5 25. b3 Kd7 26. cxb5 axb5 27. a4 Kc6 28. axb5+ Kxb5 29. Ra1 Rh6 30. Nc3+ Kb6 31. Kc4 Rxh3 32. Nd5+ Kb7 33. Kxc5 Rxf3 34.
Ra2 Rxb3 35. Kd6 f6 36. Ke6 Rf3 37. Ne7 h5 38. Rb2+ Ka6 39. Nc6 h4 40. Kd6 f5 41.
Kc7 Bd8+ 42. Kxd8 fxe4 43. Kc7 Rf7+ 44. Kd6 Rf3 45. Kxe5 h3 46. Kxe4 h2 47. Rb1 Rxf2 48. Kd5 Rg2 49. Rh1 Kb5 50. Ne5 Kb4 51. Ke4 Ra2 52.
Nf3 Kc5 53. Nxh2 Ra4+ 54. Ke5 Ra3 55. Ng4 Kb6 56. Rh6+ Kb5 57. Nf6 Ra2 58. Ne4 Kc4 59. Rh8 Ra7 60. Rc8+ Kd3 61. Nc5+ Ke2 62. Rf8 Kd1 63. Rf2 Ke1 64. Rb2 Kd1 65. Kd4 Ke1 66.
Nd3+ Kf1 67. Ke3 Kg1 68. Kf3 Rf7+ 69. Nf4 Kh1 70. Rb1+ Kh2 71. Rd1 Rf8 72. Re1 Rf7 73.
Rf1 Rf8 74. Rf2+ Kg1 75. Rc2 Kh1 76. Kf2 Kh2 77. Kf3+ Kh1 78. Rd2 Rf7 79. Re2 Rf8 80. Re1+ Kh2 81. Rb1 Rf7 82. Kg4 Rg7+ 83. Kf5 Rf7+ 84.
Kg4 Rf8 85. Kf3 Rf7 1/2-1/2

[Event "Late-Titled-Tuesday-Blitz-May-07-2024"]
[Site "Chess.com"]
[Date "2024.05.07"]
[Round "5"]
[White "ahkashefi2800"]
[Black "Onischuk_V"]
[Result "0-1"]
[WhiteElo "2589"]
[BlackElo "2828"]
[TimeControl "180+1"]
[EndTime "14:57:40 PDT"]
[Termination "Onischuk_V won on time"]

1. d4 d6 2. c4 e5 3. dxe5 dxe5 4. Qxd8+ Kxd8 5. Nf3 f6 6. e3 Be6 7. b3 Nd7 8. Bb2 c6 9. Nbd2 Kc7 10. O-O-O a5 11. Bd3 a4 12. Bc2 Nh6 13. Kb1 Nf7 14. Ne1 Nc5 15. Nd3 Nxd3 16. Bxd3 Be7 17. f4 axb3 18. axb3 Ba3 19. Bxa3 Rxa3 20. Kb2 Rha8 21. Ra1 Rxa1 22. Rxa1 Rxa1 23. Kxa1 h6 24. g3 Nd6 25. Kb2 c5 26. Kc3 b6 27. Ne4 Nf5 28. Kd2 Ne7 29. Nc3 Nc6 30.
Nb5+ Kd7 31. Be4 Nd8 32. fxe5 fxe5 33. Nc3 Nf7 34. Bd5 Ng5 35. h4 Bxd5 36. hxg5 Bc6 37. gxh6 gxh6 38. e4 Kd6 39. Nd5 b5 40.
Kd3 b4 41. Ne3 h5 42. Nf5+ Ke6 43. Ng7+ Kf6 44. Nxh5+ Kg6 45. g4 Kg5 46. Ng7 Bd7 47.
Nf5 Kxg4 48. Nd6 Bc6 49. Ke3 Kg5 50. Nf5 Kf6 51. Ng3 Bd7 52. Kf3 Kg5 53. Ke3 Bg4 54. Kd2 Kf4 55. Nf1 Kxe4 56. Ne3 Be6 57. Nc2 Kf3 58.
Ne1+ Ke4 59. Nd3 Kd4 60. Ne1 e4 61. Nc2+ Ke5 62. Ke3 Bg4 63. Kd2 Kf4 64. Ne3 Be6 65. Nc2 Bf7 66. Ne3 Ke5 67. Nc2 Bh5 68. Ne3 Kd4 69.
Nc2+ Ke5 70. Ne3 Be8 71. Nc2 Bf7 72. Ne3 Be6 73. Nc2 Kf4 74. Ne3 Kf3 75. Nc2 Bxc4 76. bxc4 b3 77. Ne1+ Kf2 78. Kd1 b2 79. Kc2 Kxe1 0-1

[Event "Late-Titled-Tuesday-Blitz-May-07-2024"]
[Site "Chess.com"]
[Date "2024.05.07"]
[Round "5"]
[White "Alexei_Gubajdullin"]
[Black "Rital44"]
[Result "0-1"]
[WhiteElo "2551"]
[BlackElo "2719"]
[TimeControl "180+1"]
[EndTime "14:57:42 PDT"]
[Termination "Rital44 won by checkmate"]

1. d4 Nf6 2. Nf3 g6 3. Bf4 Bg7 4. e3 O-O 5. Be2 b6 6. O-O Bb7 7. h3 d6 8. a4 a5 9. Nc3 Nbd7 10.
Bh2 Re8 11. Nd2 e5 12. dxe5 Nxe5 13. Nc4 Nfd7 14. Nxe5 Nxe5 15. Bb5 c6 16. Be2 d5 17. Ra3 h5 18. Rb3 Nd7 19. Bf3 Nc5 20. Ra3 Qd7 21.
Re1 Rad8 22. Qc1 Bh6 23. Ne2 Ne6 24. Nf4 Nxf4 25. Bxf4 Bxf4 26. exf4 d4 27. Rd3 c5 28.
Bxb7 Qxb7 29. f5 Kg7 30. fxg6 fxg6 31. Rg3 Qf7 32. b3 Rxe1+ 33. Qxe1 Re8 34. Qd2 Re5 35. Rf3 Qe6 36. Qf4 Re1+ 37. Kh2 Qe5 38. Qxe5+ Rxe5 39. c3 Rf5 40. Rd3 dxc3 41. f3 c2 42. Rc3 Rf4 43.
Rxc2 Rb4 44. Rc3 h4 45. Kg1 Kf6 46. Kf2 Ke5 47. Ke3 g5 48. Rd3 Rd4 49. Rc3 Kd5 50. Rd3 Ke5 51. Rc3 Rb4 52. Rd3 c4 53. bxc4 Rxc4 54.
Rb3 Rxa4 55. Rxb6 Ra3+ 56. Kf2 a4 57. Ra6 Kd4 58. Ra5 Ra2+ 59. Kg1 a3 60. Rxg5 Rb2 61. Ra5 a2 62. Kh2 Ke3 63. Ra3+ Kf2 64. f4 Kf1 65.
Rf3+ Rf2 66. Ra3 Rxg2+ 67. Kh1 Rb2 68. f5 Kf2 69. Kh2 Ke1+ 70. Kh1 Kd2 71. f6 Rb1+ 72.
Kh2 a1=Q 73. Rxa1 Rxa1 74. f7 Rf1 75. f8=Q Rxf8 76. Kg2 Ke2 77. Kh2 Kf3 78. Kg1 Rd8 79.
Kh2 Rd2+ 80. Kh1 Kg3 81. Kg1 Rd1# 0-1

[Event "Late-Titled-Tuesday-Blitz-May-07-2024"]
[Site "Chess.com"]
[Date "2024.05.07"]
[Round "5"]
[White "ChadBiryani"]
[Black "miraitrunks"]
[Result "1/2-1/2"]
[WhiteElo "2533"]
[BlackElo "2261"]
[TimeControl "180+1"]
[EndTime "14:57:48 PDT"]
[Termination "Game drawn by repetition"]

1. d4 d5 2. Nc3 Bf5 3. f3 Nf6 4.
g4 Bg6 5. h4 h5 6. g5 Ng8 7.
Bf4 Nc6 8. e3 f6 9. Bb5 e6 10.
Nh3 Bd6 11. Bxd6 Qxd6 12. Nf4 Ne7 13. Kf2 a6 14. Nxg6 Nxg6 15. Bd3 Nge7 16. Rg1 O-O-O 17.
Rg3 e5 18. dxe5 fxe5 19. Qh1 Rhf8 20. Qh3+ Kb8 21. Kg2 Nb4 22. Rd1 Nxd3 23. Rxd3 Qb6 24. b3 d4 25. exd4 Rxd4 26. Qh1 Rxd3 27. cxd3 Qd4 28.
Qe1 Nf5 29. Rh3 Qxd3 30. Qxe5 Nxh4+ 31. Kf2 Rxf3+ 32. Rxf3 Qxf3+ 33. Ke1 Nf5 34. Nd5 Qh1+ 35. Kd2 Nd6 36. Ne3 h4 37. Qxg7 h3 38. Qh8+ Ka7 39. Qd4+ b6 40. Qg7 Kb7 41. Qh7 h2 42. g6 Ne4+ 43.
Kd3 Nc5+ 44. Ke2 Qg1 45. g7 h1=Q 46. Qxh1+ Qxh1 47. g8=Q Qh2+ 48. Qg2+ Qxg2+ 49. Nxg2 Kc6 50. Kd2 Kd5 51. Kc2 Ke4 52. Ne1 c6 53. Ng2 Ne6 54. Nh4 c5 55. Ng6 b5 56. Ne7 Kd4 57. Nc6+ Kd5 58. Nb8 a5 59. Nd7 Kc6 60. Ne5+ Kd5 61. Nd7 Nd4+ 62. Kb2 Nc6 63. Nb6+ Kd4 64. Nd7 Nb4 65.
Nb6 c4 66. bxc4 bxc4 67. a3 c3+ 68. Kb3 Nd3 69. Kc2 Ne1+ 70. Kc1 Kd3 71. Na4 Nf3 72.
Nc5+ Kc4 73. Nb7 a4 74. Na5+ Kd3 75. Nc6 Nd4 76. Nb4+ Kc4 77. Nc2 Nxc2 78. Kxc2 Kd4 79. Kc1 Kd3 80. Kd1 Kc4 81. Kc2 Kd4 82. Kc1 Kd3 83. Kd1 Kc4 84. Kc2 1/2-1/2

[Event "Late-Titled-Tuesday-Blitz-May-07-2024"]
[Site "Chess.com"]
[Date "2024.05.07"]
[Round "5"]
[White "ameetghasi100"]
[Black "vladgoncharov"]
[Result "1/2-1/2"]
[WhiteElo "2798"]
[BlackElo "2586"]
[TimeControl "180+1"]
[EndTime "14:57:50 PDT"]
[Termination "Game drawn - insufficient material"]

1. b3 d5 2. Bb2 c6 3. e3 Bf5 4. Nf3 e6 5. h3 h6 6. c4 Nf6 7. Nc3 Be7 8. g4 Bh7 9. g5 hxg5 10. Nxg5 Bg6 11. Rg1 Bh5 12. Be2 Bxe2 13. Nxe2 Nbd7 14. Nf4 Nc5 15. Qc2 Qd7 16. d4 Na6 17. a3 Bd6 18. Nd3 O-O-O 19. c5 Bb8 20. b4 Ne4 21. O-O-O Nxg5 22. Rxg5 f6 23. Rg2 Rxh3 24. a4 g5 25. Qb3 Nc7 26. Bc3 a6 27. Kd2 Qh7 28. Qb1 Qe4 29. Rdg1 Rdh8 30. Qd1 Rh2 31. f3 Rxg2+ 32. Rxg2 Qf5 33. Nf2 Ne8 34. Ke2 Ng7 35. b5 axb5 36. axb5 cxb5 37. e4 dxe4 38. fxe4 Qf4 39. Bd2 Qc7 40.
Qb3 Qd7 41. Be3 Nh5 42. Nd3 Qc6 43. d5 exd5 44. exd5 Qe8 45. Kd2 Bf4 46. Re2 Qd7 47. Qa2 Bb8 48. Kc2 Ng3 49. Rg2 Nf5 50. Bf2 Rh3 51. Qb3 Qe8 52. Bg1 Qe4 53. Rd2 Qc4+ 54.
Qxc4 bxc4 55. Nb4 Ne3+ 56. Bxe3 Rxe3 57. Rd4 Be5 58. Rxc4 Kc7 59. d6+ Kd7 60. Nd5 Re2+ 61. Kd3 Re1 62. Rb4 Kc6 63. Ne7+ Kxc5 64. Rxb7 Rd1+ 65.
Ke4 Rxd6 66. Nf5 Rd1 67. Rb3 Re1+ 68. Kd3 Rf1 69. Ne3 Rf4 70. Rb1 g4 71. Rc1+ Kd6 72. Ke2 g3 73. Rc8 Rf2+ 74. Kd3 f5 75. Rg8 f4 76.
Nc4+ Kd5 77. Rd8+ Ke6 78. Re8+ Kf7 79. Rxe5 g2 80. Rg5 f3 81. Ne5+ Kf6 82. Ke3 Re2+ 83. Kxf3 Kxg5 84. Kxe2 g1=Q 85. Nf3+ Kg4 86. Nxg1 1/2-1/2

[Event "Late-Titled-Tuesday-Blitz-May-07-2024"]
[Site "Chess.com"]
[Date "2024.05.07"]
[Round "5"]
[White "youngdinousaur"]
[Black "As0nchess"]
[Result "0-1"]
[WhiteElo "2316"]
[BlackElo "2543"]
[TimeControl "180+1"]
[EndTime "14:57:58 PDT"]
[Termination "As0nchess won by resignation"]

1. d4 d5 2. Nf3 Bf5 3. Bf4 e6 4. e3 Nf6 5. c4 c6 6. Qb3 Qb6 7.
c5 Qxb3 8. axb3 Be7 9. Nc3 O-O 10. b4 a6 11. b5 cxb5 12. Bxb5 Nc6 13. Bxc6 bxc6 14. h3 Nd7 15. Ne5 Nxe5 16. Bxe5 f6 17. Bh2 e5 18. Kd2 Rfb8 19. Ra2 Rb4 20. dxe5 fxe5 21. Bxe5 Bxc5 22. Rha1 Bc8 23. Kc2 Kf7 24. Ra4 Rxa4 25. Nxa4 Ba7 26. Bd4 Bxd4 27. exd4 Rb8 28. Nc5 Rb6 29. Kc3 Ke7 30. b4 Kd6 31. Re1 Bd7 32. Re3 Rb8 33. Nxa6 Ra8 34. Nc5 Ra2 35. Rf3 Be8 36. Rf8 Bg6 37. Kb3 Rd2 38. Kc3 Rc2+ 39. Kb3 Rd2 40. Rf4 Rd1 41. Nb7+ Ke7 42. Nc5 Rb1+ 43.
Kc3 Rc1+ 44. Kb3 Rb1+ 45. Kc3 Rg1 46. g3 Rc1+ 47. Kb3 Rd1 48. Kc3 h6 49. h4 Bh7 50.
Rf3 Rf1 51. Re3+ Kf7 52. Rf3+ Ke7 53. Kb3 Rb1+ 54. Kc3 Rc1+ 55. Kb3 Rc4 56. Re3+ Kf7 57. Rf3+ Ke7 58. Re3+ Kf7 59. Rf3+ Kg6 60. Rf4 Kh5 61. Ne6 g5 62. hxg5 hxg5 63. Rf7 Bg8 64. Rf6 Rc1 65. Ka4 Ra1+ 66. Kb3 Rb1+ 67. Kc3 Kg4 68. Rg6 Bh7 69. Rh6 Bf5 70. Rf6 Rc1+ 71. Kb3 Rb1+ 72.
Kc3 Rf1 73. Ng7 Be4 74. Rf8 Rc1+ 75. Kb3 Rd1 76. Kc3 Rd3+ 77. Kb2 Rxd4 78. Rf6 Rxb4+ 79. Kc3 Rc4+ 80. Kd2 Rc2+ 81. Ke3 c5 82. Ne6 Rc3+ 83. Ke2 Bf3+ 84. Kd2 d4 85. Rf8 Bd5 86. Ng7 Ra3 87.
Rd8 Ra2+ 88. Kd3 Bf7 89. Ke4 Re2+ 90. Kd3 Rxf2 91. Ne8 Bxe8 92. Rxe8 Rf3+ 93. Kc4 Rc3+ 94. Kd5 Kxg3 95. Rg8 g4 0-1